 Dungeon Crawl Stone Soup version 0.26-a0-966-gd078a86f14 (webtiles) character file.

Game seed: 1438689270377209053

3815 pkoi the Grappler (level 9, -14/80 HPs)
             Began as a Troll Monk on Dec 4, 2020.
             Was an Elder of Dithmenos.
             Demolished by a death yak (22 damage)
             ... on level 8 of the Dungeon.
             The game lasted 00:08:43 (6438 turns).

pkoi the Grappler (Troll Monk)                      Turns: 6438, Time: 00:08:43

Health: -14/80     AC:  7    Str: 24    XL:     9   Next: 97%
Magic:  8/8        EV: 11    Int:  6    God:    Dithmenos [****..]
Gold:   459        SH:  0    Dex: 12    Spells: 8/8 levels left

rFire    + . .     SeeInvis .     - Unarmed
rCold    . . .     Faith    .   (no shield)
rNeg     . . .     Spirit   .   h - +1 robe "Fuat" {rPois}
rPois    +         Reflect  .   (helmet restricted)
rElec    .         Harm     .   (no cloak)
rCorr    +         Rampage  .   (gloves unavailable)
MR       .....                  (boots unavailable)
Stlth    ++++......             A - amulet of regeneration
HPRegen  1.03/turn              d - ring of protection from fire
MPRegen  0.11/turn              v - ring of resist corrosion

@: wreathed by umbra
A: large, unfitting armour, claws 3, regeneration 1, shaggy fur 1, tough skin 3
a: Shadow Step, Renounce Religion


You were on level 8 of the Dungeon.
You worshipped Dithmenos.
Dithmenos was greatly pleased with you.
You visited 2 branches of the dungeon, and saw 10 of its levels.

You collected 459 gold pieces.

Inventory:

Missiles
 o - 7 javelins (quivered)
 q - 24 poisoned darts
 r - 3 large rocks
Armour
 a - a +1 robe
 h - the +1 robe "Fuat" (worn) {rPois}
   (You found it on level 4 of the Dungeon)

   It protects you from poison.
Jewellery
 d - a ring of protection from fire (left claw)
 t - an uncursed ring of poison resistance
 u - an uncursed amulet of the acrobat
 v - a ring of resist corrosion (right claw)
 A - an amulet of regeneration (around neck)
Wands
 l - a wand of acid (9)
 s - a wand of iceblast (7)
 y - a wand of polymorph (7)
Scrolls
 c - 2 scrolls of enchant armour
 e - a scroll of magic mapping
 f - 8 scrolls of remove curse
 i - 3 scrolls of teleportation
 j - 2 scrolls of identify
 k - a scroll of fog
 m - a scroll of fear
 p - 3 scrolls of amnesia
Potions
 b - 2 potions of degeneration {unknown}
 g - 2 potions of flight {unknown}
 n - a potion of berserk rage
 w - 2 potions of lignification {unknown}
 x - a potion of heal wounds
 z - 3 potions of curing {unknown}


   Skills:
 - Level 2.4 Fighting
 + Level 3.6 Throwing
 - Level 4.1 Dodging
 + Level 4.3 Stealth
 * Level 11.4 Unarmed Combat


You had 8 spell levels left.
You didn't know any spells.
Your spell library contained the following spells:

 Spells                   Type           Power        Failure   Level
 Beastly Appendage        Tmut           #.....       45%         1
 Wereblood                Tmut           #.......     58%         2
 Spider Form              Tmut/Pois      #.........   83%         3
 Ice Form                 Ice/Tmut       #.......     99%         4
 Blade Hands              Tmut           #.........   100%        5


Dungeon Overview and Level Annotations

Branches:
Dungeon (9/15)             Temple (1/1) D:5            Lair (0/6) D:9
    Orc: D:9-12

Altars:
Ashenzari
Cheibriados
Dithmenos
Elyvilon
Fedhas
Gozag
Hepliaklqana
Kikubaaqudgha
Makhleb
Nemelex Xobeh
Okawaru
Qazlal
Ru
Sif Muna
Trog
Uskayaw
Vehumet
Wu Jian
Xom
Yredelemnul
Zin
The Shining One

Shops:
D:5 *

Annotations:
D:7 2 transporters


Innate Abilities, Weirdness & Mutations

You are too large for most types of armour.
You have claws for hands.
Your natural rate of healing is unusually fast.
You are covered in fur. (AC +1)
You have extremely tough skin. (AC +3)


Message History

The death yak is moderately wounded.
The death yak gores you!!
You claw the death yak!
The death yak is heavily wounded.
The death yak gores you!
You mangle the death yak!!
The death yak is severely wounded.
The death yak gores you!!
* * * LOW HITPOINT WARNING * * *
You scratch the death yak.
The death yak is almost dead.
The death yak gores you.
* * * LOW HITPOINT WARNING * * *
You barely miss the death yak.
The death yak is almost dead.
You claw the death yak!
The death yak is almost dead.
Your shadow barely misses the death yak.
The death yak gores you!!
You die...

#........#...#.#.#.########
#.######.#...#.#..........#
#.# #.#)..#.#.#.######.# #.#
#.#.........# #.# #.#
###(#.#...#...# #.#
#.####...#.#.#.#...######.#
#.#....###.....#..........###
#.#.####......###...........#
..#.#.........YY@..<........#
###.#.##...<..###........>..#
..#.#.##......# #...........#
..#.#.##.>....# #########.###
..#.#.######### #.#######
..#.#.# ######## #.......#
..#.#.###......#######
#######.#
#.#.#.##...###.#.....####.#
#.#
..#.#.##.......'.....'....#
#.#


You could see a death yak and a yak.

Vanquished Creatures
  A two-headed ogre (D:8)
  2 meliai (D:9)
  A yak (D:9)
  A wyvern (D:8)
  A phantom (D:8)
  A sky beast (D:7)
  6 centaurs
  3 ogres
  2 bullfrogs
  2 scorpions
  A wyvern skeleton (D:7)
  A water moccasin skeleton (D:6)
  6 killer bees (D:7)
  A vampire bat (D:3)
  3 howler monkeys (D:9)
  2 bullfrog zombies (D:8)
  An orc priest (D:9)
  6 hounds
  2 orc wizards
  A bullfrog skeleton (D:5)
  2 iguanas
  Ijyb (D:4)
  6 worker ants
  A mummy (D:6)
  5 adders
  2 shadow imps (D:9)
  3 white imps
  An ufetubus (D:9)
  3 oozes
  2 adder skeletons
  A worm (D:2)
  5 dart slugs
  3 leopard geckos
  18 orcs
  3 ball pythons
  6 bats
  4 bat skeletons (D:3)
  2 bat zombies (D:3)
  6 giant cockroaches
  10 goblins
  6 hobgoblins
  12 jackals
  2 quokkas
  5 frilled lizards
  A hobgoblin zombie (D:6)
  7 kobolds
  A kobold zombie (D:6)
  2 orc zombies (D:6)
  9 rats
173 creatures vanquished.

Vanquished Creatures (others)
  4 fungi (D:9)
  2 plants (D:9)
6 creatures vanquished.

Grand Total: 179 creatures vanquished

Notes
Turn   | Place    | Note
-------+----------+-------------------------------------------
     0 | D:1      | pkoi the Troll Monk began the quest for the Orb.
     0 | D:1      | Reached XP level 1. HP: 22/22 MP: 0/0
   114 | D:1      | Reached XP level 2. HP: 28/29 MP: 1/1
   423 | D:1      | Reached skill level 4 in Unarmed Combat
   423 | D:1      | Reached XP level 3. HP: 35/36 MP: 2/2
   838 | D:2      | Found a glowing golden altar of the Shining One.
  1020 | D:2      | Reached XP level 4. HP: 41/44 MP: 3/3
  1427 | D:3      | Found a hazy altar of Hepliaklqana.
  1541 | D:3      | Reached skill level 5 in Unarmed Combat
  1792 | D:3      | Found an ancient bone altar of Kikubaaqudgha.
  1803 | D:3      | Reached XP level 5. HP: 50/50 MP: 4/4
  1846 | D:3      | Found a stormy altar of Qazlal.
  2098 | D:4      | Noticed Ijyb
  2128 | D:4      | Killed Ijyb
  2184 | D:4      | Noticed an ogre
  2191 | D:4      | Killed an ogre
  2192 | D:4      | Reached XP level 6. HP: 59/59 MP: 5/5
  2397 | D:4      | Reached skill level 6 in Unarmed Combat
  2603 | D:4      | Found an opulent altar of Gozag.
  2702 | D:4      | Found a shimmering blue altar of Sif Muna.
  2788 | D:5      | Entered Level 5 of the Dungeon
  2977 | D:5      | Found a staircase to the Ecumenical Temple.
  3004 | Temple   | Entered the Ecumenical Temple
  3081 | Temple   | Became a worshipper of Dithmenos the Shadowed
  3081 | Temple   | Reached * piety under Dithmenos
  3081 | Temple   | Reached ** piety under Dithmenos
  3132 | D:5      | Found Meugak's Assorted Antiques.
  3142 | D:5      | Reached XP level 7. HP: 66/66 MP: 6/6
  3245 | D:5      | Reached skill level 7 in Unarmed Combat
  3347 | D:5      | Found a snail-covered altar of Cheibriados.
  3347 | D:5      | Found an iron altar of Okawaru.
  3712 | D:6      | Found a white marble altar of Elyvilon.
  3813 | D:6      | Reached skill level 8 in Unarmed Combat
  3922 | D:6      | Reached XP level 8. HP: 62/74 MP: 7/7
  4104 | D:4      | Got a tattered robe
  4115 | D:4      | Identified the +1 robe "Fuat" {rPois} (You found it on
                  | level 4 of the Dungeon)
  4499 | D:7      | Reached *** piety under Dithmenos
  4596 | D:7      | Reached skill level 9 in Unarmed Combat
  4689 | D:7      | Found a transporter.
  4693 | D:7      | Found an ornate altar of the Wu Jian Council.
  4695 | D:7      | Noticed a green ugly thing
  4731 | D:7      | Found a transporter.
  4904 | D:7      | Found an iron altar of Okawaru.
  4985 | D:7      | Found a shimmering altar of Xom.
  5175 | D:8      | Reached skill level 1 in Throwing
  5175 | D:8      | Reached skill level 10 in Unarmed Combat
  5175 | D:8      | Reached XP level 9. HP: 80/80 MP: 8/8
  5458 | D:8      | Noticed a two-headed ogre
  5465 | D:8      | Killed a two-headed ogre
  5966 | D:9      | Noticed a meliai
  5966 | D:9      | Noticed a meliai
  5966 | D:9      | Noticed a meliai
  5967 | D:9      | Killed a meliai
  5968 | D:9      | Reached skill level 11 in Unarmed Combat
  6022 | D:9      | Reached **** piety under Dithmenos
  6169 | D:9      | Killed a meliai
  6195 | D:9      | Found a staircase to the Lair.
  6307 | D:9      | Noticed a death yak
  6326 | D:9      | HP: 2/80 [meliai/+0 war axe (7)]
  6438 | D:8      | Demolished by a death yak

Illustrated notes

Levels and vault maps discovered:
D:1:      heliophobic_arrival_enchanted_forest, layout_loops_ring
D:2:      layout_loops_ring, overflow_temple_1_default
D:3:      layout_loops_ring, nicolae_overflow_hidden_temple,
          nicolae_qazlal_eye_of_the_storm, kennysheep_vampire_church,
          grunt_ministairs_15, chequers_mini_garden
D:4:      layout_basic, led_sif_pool, lemuel_coloured_pillars_altar, uniq_ijyb
D:5:      layout_rooms, gammafunk_temple_overflow_wave,
          minmay_temple_entry_mist, serial_shops, shop, serial_rivers,
          chequers_serial_rivers_room_b, chequers_serial_rivers_micro_a,
          chequers_serial_rivers_large_b, chequers_serial_rivers_micro_c,
          chequers_serial_rivers_micro_a, roderic_st_hans_cross,
          kennysheep_generic_room_15
D:6:      layout_loops_cross, lemuel_doored_altar, minmay_mini_ossuary
D:7:      layout_rooms, gammafunk_temple_overflow_arena, marbit_many_paths,
          kennysheep_another_room, okawaru_metal_pillars_3
D:8:      layout_basic
D:9:      argonaut_augean_stables, layout_cave_pools, dpeg_oklobed_lair,
          trog_book
Temple:   jpeg_temple_clearing

Skill      XL: |  1  2  3  4  5  6  7  8  9 |
---------------+----------------------------+-----
Unarmed Combat | 4 5 6 8 10 11 | 11.4
Dodging        | 3 4 |  4.1
Stealth        | 2 3 4 |  4.3
Throwing       | 1 3 |  3.6
Fighting       | |  2.4

Action                   |  1- 3 |  4- 6 |  7- 9 || total
-------------------------+-------+-------+-------++-------
Melee: Unarmed           |   110 |   135 |   244 ||   489
       Punch             |     1 |     3 |    11 ||    15
  Use: Scroll            |       |       |    14 ||    14
 Stab: Sleeping          |     1 |     1 |     6 ||     8
       Distracted        |       |       |     1 ||     1
Armor: Robe              |    46 |    49 |    53 ||   148
Dodge: Dodged            |    76 |    79 |   161 ||   316

Table legend: (Time is in decaauts)
 A = Elapsed time spent in this place.
 B = Non-inter-level travel time spent in this place.
 C = Inter-level travel time spent in this place.
 D = Time resting spent in this place.
 E = Time spent auto-exploring this place.
 F = Levels seen in this place.
 G = Mean time per level.
                   A        B        C        D        E       F      G
               +--------+--------+--------+--------+--------+-----+--------+
         Total |   6407 |   6112 |    295 |    449 |   4475 |  10 |  640.7 |
       Dungeon |   6313 |   6034 |    279 |    449 |   4401 |   9 |  701.4 |
        Temple |     93 |     77 |     16 |      0 |     74 |   1 |   93.0 |
               +--------+--------+--------+--------+--------+-----+--------+

Top non-repeatable levels by time:
     D:8: 967 daAuts
     D:5: 840 daAuts
     D:3: 792 daAuts
     D:4: 783 daAuts
     D:6: 679 daAuts
     D:2: 655 daAuts
     D:1: 639 daAuts
     D:7: 614 daAuts
     D:9: 341 daAuts
  Temple: 93 daAuts
